 Dungeon Crawl Stone Soup version 0.30-a0-719-gcc4359ea44 (webtiles) character file.

Game seed: 7542896500771610280

406 drugrobin the Insei (level 6, -1/50 HPs)
             Began as a Demigod Delver on Jan 27, 2023.
             Slain by an ogre
             ... wielding a +0 giant spiked club
              (30 damage)
             ... on level 4 of the Dungeon.
             The game lasted 00:13:55 (4244 turns).

drugrobin the Insei (Demigod Delver)                Turns: 4244, Time: 00:13:56

Health: -1/50      AC:  9    Str: 17    XL:     6   Next: 30%
Magic:  8/8        EV:  7    Int: 12    God:
Gold:   37         SH:  0    Dex: 19    Spells: 5/5 levels left

rFire   . . .      SeeInvis .      - Unarmed
rCold   . . .      Faith    .    (no shield)
rNeg    . . .      Spirit   .    k - +0 chain mail
rPois   +          Reflect  .    (no helmet)
rElec   .          Harm     .    (no cloak)
rCorr   .          Rampage  .    y - +0 pair of gloves
Will    .....                    (no boots) Stlth
                                 (no amulet)
HPRegen 0.28/turn                t - ring of poison resistance
MPRegen 0.11/turn                (no ring)

@: no status effects
A: high MP 1, forlorn, divine attributes
a: no special abilities


You were on level 4 of the Dungeon.
You visited 1 branch of the dungeon, and saw 5 of its levels.

You collected 149 gold pieces.
You spent 112 gold pieces at shops.

Inventory:

Hand Weapons
 b - a +0 sling
 g - a +2 falchion of electrocution
Missiles
 w - 2 poisoned darts
 x - 6 javelins
 A - 8 boomerangs (quivered)
Armour
 a - a +0 leather armour
 k - a +0 chain mail (worn)
 y - a +0 pair of gloves (worn)
Jewellery
 t - a ring of poison resistance (left hand)
Wands
 f - a wand of digging (3)
 h - a wand of paralysis (4)
Scrolls
 c - a scroll of magic mapping
 d - a scroll of fear
 m - 2 scrolls of identify
 o - a scroll of blinking {unknown}
 q - a scroll of teleportation
 r - a scroll of butterflies
 s - a scroll of immolation {unknown}
 u - a scroll of torment {unknown}
 B - a scroll of enchant weapon {unknown}
 D - 3 scrolls of fog
 E - a scroll of vulnerability {unknown}
 G - a scroll of noise {unknown}
Potions
 e - 2 potions of haste
 i - 6 potions of curing
 j - a potion of ambrosia {unknown}
 l - a potion of attraction {unknown}
 n - 3 potions of heal wounds
 p - a potion of brilliance {unknown}
 v - a potion of might {unknown}
 z - a potion of mutation {unknown}
 C - a potion of lignification {unknown}
 F - 2 potions of flight {unknown}


   Skills:
 - Level 2.6 Fighting
 - Level 1.7 Dodging
 - Level 4.5 Stealth
 + Level 6.5 Unarmed Combat


You had 5 spell levels left.
You didn't know any spells.
Your spell library contained the following spells:

 Spells                   Type           Power      Damage    Failure   Level
 Sting                    Tmut/Pois      0%         1d3       99%         1
 Poisonous Vapours        Pois/Air       0%         N/A       100%        2
 Olgreb's Toxic Radiance  Pois           0%         N/A       100%        4
 Conjure Ball Lightning   Conj/Air       0%         3x3d6     100%        6
 Discord                  Hex            0%         N/A       100%        8
 Disjunction              Tloc           0%         N/A       100%        8


Dungeon Overview and Level Annotations

Branches:
Dungeon (5/15)
 Temple: D:4-7

Shops:
D:3 ?((:*


Innate Abilities, Weirdness & Mutations

You have an increased reservoir of magic. (+10% MP)
You shall have no god before yourself.
Your divine heritage dramatically boosts your attributes as you level up.


Message History

Press: ? - help, Shift-Dir - straight line, f/p - ogre
Aim: an ogre, wielding a +0 giant spiked club (76% to hit)
You throw a poisoned dart. The poisoned dart hits the ogre.
The ogre is poisoned.
Unknown command.
Throw: 5 darts (poison)
Press: ? - help, Shift-Dir - straight line, f/p - ogre
Aim: an ogre, wielding a +0 giant spiked club (poisoned, 76% to hit)
You throw a poisoned dart.
The poisoned dart closely misses the ogre.
Unknown command.
Throw: 4 darts (poison)
Press: ? - help, Shift-Dir - straight line, f/p - ogre
Aim: an ogre, wielding a +0 giant spiked club (poisoned, 76% to hit)
You throw a poisoned dart. The poisoned dart hits the ogre.
The ogre looks even sicker.
Unknown command.
Throw: 3 darts (poison)
Press: ? - help, Shift-Dir - straight line, f/p - ogre
Aim: an ogre, wielding a +0 giant spiked club (very poisoned, 76% to hit)
You throw a poisoned dart. The poisoned dart hits the ogre.
Unknown command.
The ogre attacks as you move away!
The ogre hits you with a +0 giant spiked club!!
Aiming: Paralyse
Press: ? - help, Shift-Dir - straight line, f/p - ogre
Aim: an ogre, wielding a +0 giant spiked club (lightly wounded, poisoned, chance to affect: 49%)
The ogre resists with some effort.
Unknown command.
Aiming: Paralyse
Press: ? - help, Shift-Dir - straight line, f/p - ogre
Aim: an ogre, wielding a +0 giant spiked club (lightly wounded, poisoned, chance to affect: 49%)
The ogre resists with some effort.
The ogre hits you but does no damage.
Aiming: Paralyse
Press: ? - help, Shift-Dir - straight line, f/p - ogre
Aim: an ogre, wielding a +0 giant spiked club (lightly wounded, poisoned, chance to affect: 49%)
The ogre resists with some effort.
The ogre looks more healthy.
The ogre hits you with a +0 giant spiked club!!
Ouch! That really hurt!
You die...

### #@# #O#
#.# #### #.#
##... #.#
#######....
#.#
#≈≈≈≈≈≈≈....
#.#
#≈#####≈....
#.#
#≈#≈≈≈#≈...)
#.#
#≈#≈_≈#≈...#


You could see an ogre.

Vanquished Creatures
  2 ogres (D:4)
  A hound (D:4)
  An orc priest (D:4)
  Terence (D:3)
  An iguana (D:4)
  2 adders
  An ufetubus (D:4)
  3 worms
  5 dart slugs
  10 orcs
  5 endoplasms
  3 giant cockroaches (D:1)
  5 goblins
  6 hobgoblins
  8 kobolds
  5 quokkas
  4 ball pythons
  7 bats
  2 frilled lizards (D:1)
  8 rats
80 creatures vanquished.

Notes
Turn   | Place    | Note
-------+----------+-------------------------------------------
     0 | D:5      | drugrobin the Demigod Delver began the quest for the Orb.
     0 | D:5      | Reached XP level 1. HP: 18/18 MP: 3/3
    13 | D:5      | Noticed a scorpion
    41 | D:4      | Noticed an ogre
    64 | D:4      | Noticed an ogre
    75 | D:4      | Reached skill level 2 in Unarmed Combat
    86 | D:4      | Noticed an orc priest
   129 | D:3      | Reached XP level 2. HP: 25/25 MP: 4/4
   606 | D:1      | Reached skill level 3 in Unarmed Combat
   793 | D:1      | Reached XP level 3. HP: 22/30 MP: 5/5
  2032 | D:3      | Found Nosoiret's Book Shop.
  2033 | D:3      | Found Rit Taiw's General Store.
  2075 | D:3      | Reached skill level 4 in Unarmed Combat
  2136 | D:3      | Bought a potion of curing for 33 gold pieces
  2136 | D:3      | Bought a potion of heal wounds for 55 gold pieces
  2225 | D:3      | Noticed Terence
  2243 | D:3      | Killed Terence
  2244 | D:3      | Reached XP level 4. HP: 25/37 MP: 6/6
  2343 | D:3      | Found Qajiv's Antique Weapon Shoppe.
  2347 | D:3      | Found Buyneip's Antique Weapon Emporium.
  2676 | D:3      | Found Cizxoiz's Magic Scroll Shoppe.
  2689 | D:3      | Bought a scroll of identify for 24 gold pieces
  2969 | D:4      | Reached skill level 5 in Unarmed Combat
  3150 | D:4      | Killed an ogre
  3151 | D:4      | Reached XP level 5. HP: 42/42 MP: 7/7
  3855 | D:4      | Noticed an ogre
  3864 | D:4      | Killed an ogre
  3865 | D:4      | Reached skill level 6 in Unarmed Combat
  3865 | D:4      | Reached XP level 6. HP: 22/50 MP: 8/8
  4244 | D:4      | Slain by an ogre

Illustrated notes

Levels and vault maps discovered:
D:1:      dpeg_arrival_concentric_ovals, layout_basic, st_stairs_2
D:2:      layout_loops_corners
D:3:      layout_basic, nemelex_xobeh_ov_fountains_minmay, tso_altar,
          serial_shops, shop, shop, nicolae_lakefront_shop, shop,
          nicolae_shop_waterfront, uniq_terence
D:4:      layout_cave_pods, mainiacjoe_overflow_small_starburst,
          nicolae_overflow_two_pavilions, nicolae_hexahallways
D:5:      nicolae_BIG_FREAKIN_CUBE, layout_basic, general_overflow_altar,
          minmay_temple_entry_junction_2, serial_bayou, serial_bayou_crossing,
          serial_bayou_pond_c, serial_bayou_pond_d, serial_bayou_shore_b,
          serial_bayou_pond_c

Skill      XL: |  1  2  3  4  5 |
---------------+----------------+-----
Unarmed Combat | 2 3 4 5 6 |  6.5
Fighting       | |  2.6
Dodging        | |  1.7
Stealth        | |  4.5

Action                     |  1- 3 |  4- 6 || total
---------------------------+-------+-------++-------
  Melee: Falchion          |   132 |     9 ||   141
         Unarmed           |       |   123 ||   123
         Punch             |       |     6 ||     6
  Throw: Boomerang         |     4 |    10 ||    14
         Dart              |       |    13 ||    13
  Evoke: Wand              |       |     6 ||     6
    Use: Scroll            |       |     3 ||     3
   Stab: Sleeping          |     4 |       ||     4
         Paralysed         |       |     6 ||     6
 Armour: Chain mail        |    75 |    65 ||   140
         Leather armour    |     5 |       ||     5
  Dodge: Dodged            |    63 |    41 ||   104

Table legend: (Time is in decaauts)
 A = Elapsed time spent in this place.
 B = Non-inter-level travel time spent in this place.
 C = Inter-level travel time spent in this place.
 D = Time resting spent in this place.
 E = Time spent auto-exploring this place.
 F = Levels seen in this place.
 G = Mean time per level.
                   A        B        C        D        E       F      G
               +--------+--------+--------+--------+--------+-----+--------+
         Total |   4279 |   4098 |    181 |    199 |   2841 |   5 |  855.8 |
       Dungeon |   4279 |   4098 |    181 |    199 |   2841 |   5 |  855.8 |
               +--------+--------+--------+--------+--------+-----+--------+

Top non-repeatable levels by time:
     D:4: 1403 daAuts
     D:3: 1116 daAuts
     D:2: 1041 daAuts
     D:1: 676 daAuts
     D:5: 41 daAuts
